 Dungeon Crawl Stone Soup version 0.23.1-37-gaa34b87b72 (webtiles) character file.

Game seed: 3647822486283163851

471 PikkenKukken the Ducker (level 7, -14/53 HPs)
             Began as a Merfolk Ice Elementalist on Mar 23, 2019.
             Killed from afar by Ijyb (16 damage)
             ... with a wand of flame (12)
             ... on level 5 of the Dungeon.
             The game lasted 00:11:57 (5495 turns).

PikkenKukken the Ducker (Merfolk Ice Elementalist)  Turns: 5495, Time: 00:11:58

Health: -14/53     AC:  5    Str:  8    XL:     7   Next: 9%
Magic:  0/10       EV: 16    Int: 15    God:
Gold:   151        SH:  0    Dex: 16    Spells: 4/10 levels left

rFire    x . .     SeeInvis .   o - +1 spear
rCold    + . .     Gourm    .   (no shield)
rNeg     . . .     Faith    .   e - +1 robe
rPois    .         Spirit   +   d - +2 hat
rElec    .         Reflect  .   (no cloak)
rCorr    .         Harm     .   (no gloves)
MR       +....                  (no boots)
Stlth    ++........             i - amulet of guardian spirit
HPRegen  0.17/turn              n - ring of protection from magic
MPRegen  0.12/turn              m - ring of ice

@: no status effects
A: change form in water, swift swim, stealthy swim
a: no special abilities


You were on level 5 of the Dungeon.
You were not hungry.

You visited 1 branch of the dungeon, and saw 5 of its levels.

You collected 151 gold pieces.

Inventory:

Hand Weapons
 o - a +1 spear (weapon)
Missiles
 b - 65 arrows
Armour
 d - a +2 hat (worn)
 e - a +1 robe (worn)
 x - a +0 buckler
Jewellery
 i - an amulet of guardian spirit (around neck)
 m - a ring of ice (right hand)
 n - a ring of protection from magic (left hand)
Wands
 s - a wand of acid (16)
Scrolls
 g - a scroll of enchant weapon
 l - a scroll of noise {unknown}
 p - a scroll of fear {unknown}
 q - 3 scrolls of remove curse
 t - a scroll of teleportation
 u - 2 scrolls of fog {unknown}
 v - a scroll of identify
Potions
 a - a potion of lignification {unknown}
 f - 2 potions of brilliance {unknown}
 h - 6 potions of curing {unknown}
 j - 3 potions of agility
 k - 2 potions of might {unknown}
 r - a potion of flight {unknown}
Comestibles
 c - 7 rations


   Skills:
 + Level 3.9 Fighting
 + Level 4.3 Polearms
 + Level 5.6 Dodging
 - Level 2.1 Stealth
 - Level 2.0 Spellcasting
 + Level 0.9 Conjurations
 - Level 2.2 Charms
 + Level 4.2 Ice Magic


You had 4 spell levels left.
You knew the following spells:

 Your Spells              Type           Power        Failure   Level  Hunger
a - Freeze                Ice            ###.         4%          1    #......
b - Throw Frost           Conj/Ice       ##....       12%         2    ###....
c - Ozocubu's Armour      Chrm/Ice       ###.....     19%         3    ###....

Your spell library contained the following spells:

 Spells                   Type           Power        Failure   Level  Hunger
 Confusing Touch          Hex            #.....       22%         1    #......
 Confuse                  Hex            #.......     54%         3    ###....
 Gell's Gravitas          Tloc           #.........   54%         3    ###....
 Throw Icicle             Conj/Ice       ##......     58%         4    #####..
 Summon Ice Beast         Ice/Summ       ##......     67%         4    #####..
 Petrify                  Tmut/Erth      #.......     91%         4    #####..
 Metabolic Englaciation   Hex/Ice        ##........   95%         5    ######.
 Yara's Violent Unravell  Hex/Tmut       #.........   99%         5    ######.


Dungeon Overview and Level Annotations

Branches:
Dungeon (5/15)
 Temple: D:4-7

Altars:
Nemelex Xobeh

Annotations:
D:4 exclusion: phantom
D:5 Ijyb


Message History

The orc hits you with a +0 dagger.
* * * LOW HITPOINT WARNING * * *
Ijyb screams, "Level is mine!
All mine!"
Ijyb completely misses you.
Casting: Freeze (safe; 4% risk of failure)
Confirm with . or Enter, or press ? or * to list all spells.
Aiming: Freeze (safe; 4% risk of failure)
Press: ? - help, Shift-Dir - straight line, f/p - Ijyb
Aim: Ijyb, wielding a +0 dagger, wearing a cursed +0 ring mail and carrying a wand of flame (13) (almost dead, unusually resistant)
You feel a surge of power!
Ijyb resists.
You freeze Ijyb.
Ijyb is almost dead.
The orc hits you but does no damage. Ijyb misses you.
You hit Ijyb but do no damage.
Ijyb is almost dead.
The orc barely misses you.
Ijyb zaps a wand.
The puff of flame misses you.
You closely miss Ijyb.
Ijyb is almost dead.
The orc hits you but does no damage.
Ijyb zaps a wand.
The puff of flame hits you! The fire burns you terribly!
You die...

#.# ... #.# #.# #.####
#.#.. ##### #.#.# ...#
##.#.# #.### ##..@g##.
#####...####....o......
#......................
#.###...######.#.......
##. #.### #.#.##...#
#..###.########.#..
.... #..........##'####
..# +.#.######.#.. ..
#+#......#


You could see Ijyb and an orc.

Vanquished Creatures
  Edmund (D:4)
  An ogre (D:4)
  A scorpion (D:4)
  A howler monkey (D:5)
  An orc wizard (D:3)
  An orc priest (D:3)
  A worker ant (D:4)
  3 adders
  2 oozes
  2 worms
  2 dart slugs
  3 leopard geckos
  2 orcs (D:3)
  3 giant cockroaches (D:1)
  4 goblins
  7 hobgoblins
  7 jackals
  A quokka (D:2)
  A ball python (D:2)
  A bat (D:1)
  4 frilled lizards
  8 kobolds
  4 rats
61 creatures vanquished.

Notes
Turn   | Place    | Note
-------+----------+-------------------------------------------
     0 | D:1      | PikkenKukken the Merfolk Ice Elementalist began the quest
                  | for the Orb.
     0 | D:1      | Reached XP level 1. HP: 13/13 MP: 3/3
   215 | D:1      | Reached skill level 3 in Dodging
   329 | D:1      | Reached skill level 1 in Fighting
   329 | D:1      | Reached XP level 2. HP: 19/21 MP: 3/5
   336 | D:1      | Learned a level 2 spell: Throw Frost
  1110 | D:2      | Reached XP level 3. HP: 24/27 MP: 0/6
  1412 | D:2      | Found a faded altar of an unknown god.
  1740 | D:2      | Found a sparkling altar of Nemelex Xobeh.
  1748 | D:2      | Reached skill level 4 in Dodging
  1928 | D:2      | Learned a level 3 spell: Ozocubu's Armour
  1969 | D:3      | Reached skill level 1 in Polearms
  2153 | D:3      | Reached XP level 4. HP: 28/34 MP: 7/7
  2531 | D:3      | Reached skill level 1 in Charms
  2628 | D:3      | Reached XP level 5. HP: 29/40 MP: 1/8
  3321 | D:4      | Noticed a phantom
  3629 | D:4      | Noticed an ogre
  3655 | D:4      | Killed an ogre
  3655 | D:4      | Reached skill level 5 in Dodging
  3655 | D:4      | Reached XP level 6. HP: 27/47 MP: 0/9
  3887 | D:4      | Noticed Edmund
  4044 | D:4      | Killed Edmund
  5084 | D:4      | Reached XP level 7. HP: 53/53 MP: 1/10
  5220 | D:5      | Entered Level 5 of the Dungeon
  5375 | D:5      | Noticed Ijyb
  5492 | D:5      | HP: 2/53 [orc/+0 dagger (3)]
  5495 | D:5      | Killed from afar by Ijyb

Skill      XL: |  1  2  3  4  5  6 |
---------------+-------------------+-----
Dodging        | 3 4 5 |  5.6
Fighting       | 1 2 3 |  3.9
Polearms       | 1 2 3 4 |  4.3
Charms         | 1 2 |  2.2
Ice Magic      | 4 |  4.2
Stealth        | |  2.1
Spellcasting   | |  2.0
Conjurations   | |  0.9

Action                   |  1- 3 |  4- 6 |  7- 9 || total
-------------------------+-------+-------+-------++-------
Melee: Spear             |    77 |    99 |    36 ||   212
 Cast: Freeze            |    31 |    18 |     5 ||    54
       Throw Frost       |     9 |    24 |     5 ||    38
       Ozocubu's Armour  |       |     2 |     2 ||     4
  Use: Scroll            |     6 |     3 |       ||     9
 Stab: Sleeping          |     2 |     1 |       ||     3
  Eat: Chunk             |     5 |     9 |     2 ||    16
       Ration            |       |     1 |       ||     1
Armor: Robe              |    42 |    11 |     8 ||    61
Dodge: Dodged            |    96 |    50 |    21 ||   167
